 Dungeon Crawl Stone Soup version 0.24-a0-769-g368c1644f8 (webtiles) character file.

Game seed: 16026348063651542476, levelgen mode: deterministic

13999 Ablot the Thaumaturge (level 12, 0/94 HPs)
             Began as a Gnoll Skald on Oct 4, 2019.
             Was the Champion of Okawaru.
             Slain by an unseen horror (9 damage)
             ... on level 12 of the Dungeon on Oct 5, 2019.
             The game lasted 01:03:28 (12853 turns).

Ablot the Thaumaturge (Gnoll Skald)                Turns: 12853, Time: 01:03:29

Health: 0/94       AC:  7    Str: 21    XL:     12   Next: 11%
Magic:  2/24       EV: 17    Int: 21    God:    Okawaru [******]
Gold:   270        SH:  0    Dex: 15    Spells: 5/28 levels left

rFire    . . .     SeeInvis .   g - +3 trident (curse)
rCold    . . .     Gourm    .   (no shield)
rNeg     . . .     Faith    .   o - +2 robe {MR+}
rPois    .         Spirit   .   v - +1 helmet
rElec    .         Reflect  .   (no cloak)
rCorr    .         Harm     .   (no gloves)
MR       +....                  (no boots)
Stlth    +++.......             (no amulet)
HPRegen  0.25/turn              R - +5 ring of strength
MPRegen  0.19/turn              s - +3 ring of intelligence

@: very slightly contaminated, invisible
A: distributed training, fangs 1, strong nose
a: Heroism, Finesse, Renounce Religion


You were on level 12 of the Dungeon.
You worshipped Okawaru.
Okawaru was exalted by your worship.
You were hungry.

You visited 2 branches of the dungeon, and saw 13 of its levels.

You collected 570 gold pieces.
You spent 300 gold pieces at shops.

Inventory:

Hand Weapons
 g - a cursed +3 trident (weapon)
 T - a +2 quarterstaff of protection
 U - a +0 lajatang of protection
Missiles
 b - 15 poisoned darts
 e - 5 curare-tipped darts
 f - 279 stones
 h - 209 arrows
 j - 33 bolts
 q - 127 sling bullets
 I - 2 silver boomerangs
 J - 8 atropa-tipped darts (quivered)
 M - 5 javelins
Armour
 a - a +1 robe of the Archmagi
 o - a +2 robe of magic resistance (worn)
 v - a +1 helmet (worn)
 x - a +0 leather armour of poison resistance
Jewellery
 m - an uncursed ring of fire
 s - a +3 ring of intelligence (right hand)
 t - an uncursed ring of ice
 w - an uncursed ring of flight
 R - a +5 ring of strength (left hand)
 W - an uncursed ring of resist corrosion
Wands
 r - a wand of polymorph (21)
 u - a wand of enslavement (9)
 C - a wand of acid (9)
 D - a wand of digging (7)
 V - a wand of iceblast (9)
 X - a wand of flame (19)
Scrolls
 c - a scroll of fog
 l - 2 scrolls of enchant weapon
 p - 4 scrolls of fear
 y - a scroll of identify
 F - a scroll of immolation
 G - 5 scrolls of teleportation
 H - a scroll of vulnerability {unknown}
 K - 2 scrolls of magic mapping {unknown}
 L - 2 scrolls of summoning
 Q - a scroll of amnesia {unknown}
 S - a scroll of blinking {unknown}
 Y - a scroll of remove curse
Potions
 k - 7 potions of curing
 n - a potion of brilliance
 z - 2 potions of resistance
 A - 4 potions of agility
 B - 2 potions of might
 E - 2 potions of invisibility
 N - 2 potions of flight
 O - a potion of lignification
Comestibles
 d - 19 rations
 P - 3 chunks of flesh


   Skills:
 + Level 8.3 Fighting
 + Level 6.8 Short Blades
 + Level 6.8 Long Blades
 + Level 6.8 Axes
 + Level 6.8 Maces & Flails
 + Level 8.3 Polearms
 + Level 6.8 Staves
 + Level 6.8 Slings
 + Level 6.8 Bows
 + Level 6.8 Crossbows
 + Level 6.8 Throwing
 + Level 7.4 Armour
 + Level 8.3 Dodging
 + Level 6.8 Stealth
 + Level 6.8 Shields
 + Level 6.8 Unarmed Combat
 + Level 8.6 Spellcasting
 + Level 5.6 Conjurations
 + Level 5.6 Hexes
 + Level 8.0 Charms
 + Level 5.6 Summonings
 + Level 5.6 Necromancy
 + Level 5.6 Translocations
 + Level 5.6 Transmutations
 + Level 5.6 Fire Magic
 + Level 5.6 Ice Magic
 + Level 5.6 Air Magic
 + Level 5.6 Earth Magic
 + Level 5.6 Poison Magic
 + Level 7.5 Invocations
 + Level 6.8 Evocations


You had 5 spell levels left.
You knew the following spells:

 Your Spells              Type           Power        Failure   Level  Hunger
a - Infusion              Chrm           ####         1%          1    None
b - Song of Slaying       Chrm           #####...     1%          2    None
c - Shroud of Golubria    Chrm/Tloc      #####.       1%          2    None
d - Regeneration          Chrm/Necr      #####.....   1%          3    None
e - Spectral Weapon       Hex/Chrm       #####...     1%          3    None
f - Blink                 Tloc           N/A          1%          2    None
g - Conjure Flame         Conj/Fire      ####....     2%          3    None
h - Mephitic Cloud        Conj/Pois/Air  ####....     2%          3    None
i - Tukima's Dance        Hex            ####....     2%          3    None
j - Summon Butterflies    Summ           ####....     1%          1    None

Your spell library contained the following spells:

 Spells                   Type           Power        Failure   Level  Hunger
 Apportation              Tloc           ####..       1%          1    None
 Magic Dart               Conj           ####         1%          1    None
 Sandblast                Erth           ####..       1%          1    None
 Call Imp                 Summ           ####....     1%          2    None
 Passwall                 Tmut/Erth      ####....     1%          2    None
 Slow                     Hex            ####....     1%          2    None
 Lesser Beckoning         Tloc           ####......   2%          3    None
 Stone Arrow              Conj/Erth      ####..       2%          3    None
 Petrify                  Tmut/Erth      ####....     7%          4    ###....
 Alistair's Intoxication  Tmut/Pois      ####....     21%         5    #####..
 Lee's Rapid Deconstruct  Erth           ####......   21%         5    #####..
 Invisibility             Hex            ####....     73%         6    ######.


Dungeon Overview and Level Annotations

Branches:
Dungeon (12/15)            Temple (1/1) D:4            Lair (0/6) D:11
    Orc (0/2) D:10

Altars:
Ashenzari
Cheibriados
Dithmenos
Elyvilon
Fedhas
Gozag
Hepliaklqana
Kikubaaqudgha
Makhleb
Nemelex Xobeh
Okawaru
Qazlal
Ru
Sif Muna
Trog
Uskayaw
Vehumet
Wu Jian
Xom
Yredelemnul
Zin
The Shining One
Jiyva

Shops:
D:5 %   D:8 [

Annotations:
D:8 2 transporters, exclusion: two-headed ogre, Kohma's ghost, novice DrTm
D:9 2 transporters, exclusion: orange crystal statue
D:11 exclusion: efreet
D:12 exclusion: hydra


Innate Abilities, Weirdness & Mutations

Your experience applies equally to all skills.
You have very sharp teeth.
Your uncanny sense of smell can sniff out nearby items.


Message History

The seven-headed hydra barely misses you.
The seven-headed hydra closely misses you.
The seven-headed hydra barely misses you. x2
Your ogre hits the seven-headed hydra with a +0 giant club!!
Something hits you!
* * * LOW HITPOINT WARNING * * *
You are very lightly contaminated with residual magic.
Something hits you!
* * * LOW HITPOINT WARNING * * *
The seven-headed hydra bites your ogre!
The seven-headed hydra bites your ogre. x3
The seven-headed hydra bites your ogre!
Your ogre dies!
Your ogre's corpse dissolves into shadows!
Something barely misses you. Something closely misses you.
Something hits you but does no damage. Something hits you.
* * * LOW HITPOINT WARNING * * *
Something hits you!
You die...

#)..........#......#
#...........#......#
+...........#......#
####+#...........#......#
...............y........#
............#.....#.....#
..D...<........#........#
.......#+#..#.....#..######
....$...........@.........#
#........††.{..D.....#
##...................#
#.>.................#
##..).........#######
#.####.......# #.#
######### ∆ #.# #.#


You could see a seven-headed hydra (wandering) and a killer bee (confused).

Vanquished Creatures
  Erolcha (D:10)
  Harold (D:7)
  An unseen horror (D:11)
  A deep elf mage (D:9)
  An ugly thing (D:11)
  A manticore (D:11)
  4 trolls
  The ghost of topfpfpflanze the Insei, an amateur GnTm (D:4)
  5 slime creatures (D:12)
  Prince Ribbit (D:7)
  3 hippogriffs
  Sigmund (D:6)
  A wraith (D:5)
  A hungry ghost (D:11)
  Menkaure (D:7)
  Edmund (D:4)
  2 water moccasins
  A sky beast (D:11)
  2 porcupines (D:11)
  A hornet zombie (D:5)
  3 orc warriors
  An ice beast (D:8)
  3 black bears
  An eye of draining (D:9)
  8 necrophages
  4 phantoms
  4 ogres
  5 centaurs
  A crocodile (D:11)
  2 big kobolds
  8 bullfrogs
  A wyvern zombie (D:10)
  9 scorpions
  A water moccasin skeleton (D:11)
  9 wights (D:9)
  13 killer bees
  The ghost of Oninnaise the Insei, a weakling DsGl (D:3)
  A howler monkey (D:6)
  7 crimson imps
  4 bullfrog zombies
  A centaur zombie (D:5)
  6 quasits
  8 hounds
  7 jellies
  7 orc priests
  2 bullfrog skeletons
  8 orc wizards
  A centaur skeleton (D:7)
  2 iguanas
  9 worker ants
  6 hound zombies
  A hound skeleton (D:8)
  A worker ant zombie (D:11)
  A howler monkey zombie (D:9)
  A howler monkey skeleton (D:9)
  11 adders
  7 shadow imps
  5 worms
  A dart slug (D:2)
  2 leopard geckos
  32 orcs
  4 giant cockroaches
  5 goblins
  4 hobgoblins
  13 jackals
  4 quokkas
  2 ball pythons
  7 bats
  3 frilled lizards
  15 kobolds
  3 rats
  A bush (D:6)
  A plant (D:11)
  A spectral weapon (D:9)
299 creatures vanquished.

Vanquished Creatures (collateral kills)
  A killer bee (D:12)
1 creature vanquished.

Vanquished Creatures (others)
  7 fungi
  7 plants
  6 spectral weapons
20 creatures vanquished.

Grand Total: 320 creatures vanquished

Notes
Turn   | Place    | Note
-------+----------+-------------------------------------------
     0 | D:1      | Ablot the Gnoll Skald began the quest for the Orb.
     0 | D:1      | Reached XP level 1. HP: 20/20 MP: 6/6
   205 | D:1      | Reached XP level 2. HP: 10/26 MP: 2/7
   217 | D:1      | Learned a level 2 spell: Song of Slaying
   220 | D:1      | Learned a level 2 spell: Shroud of Golubria
  1089 | D:2      | Reached XP level 3. HP: 31/31 MP: 1/9
  1094 | D:2      | Learned a level 3 spell: Regeneration
  1098 | D:2      | Learned a level 3 spell: Spectral Weapon
  1136 | D:2      | Reached skill level 5 in Spellcasting
  1533 | D:2      | Reached skill level 1 in Invocations
  1618 | D:2      | Found a hazy altar of Hepliaklqana.
  1761 | D:2      | Reached skill level 1 in Short Blades
  1761 | D:2      | Reached skill level 1 in Long Blades
  1761 | D:2      | Reached skill level 1 in Axes
  1761 | D:2      | Reached skill level 1 in Maces & Flails
  1761 | D:2      | Reached skill level 1 in Staves
  1761 | D:2      | Reached skill level 1 in Slings
  1761 | D:2      | Reached skill level 1 in Bows
  1761 | D:2      | Reached skill level 1 in Crossbows
  1761 | D:2      | Reached skill level 1 in Throwing
  1761 | D:2      | Reached skill level 1 in Stealth
  1761 | D:2      | Reached skill level 1 in Shields
  1761 | D:2      | Reached skill level 1 in Unarmed Combat
  1761 | D:2      | Reached skill level 1 in Evocations
  1837 | D:3      | Reached XP level 4. HP: 36/38 MP: 3/11
  1957 | D:3      | Found a runed translucent gate.
  1958 | D:3      | Found a runed translucent gate.
  1959 | D:3      | Found a runed translucent gate.
  1961 | D:3      | Noticed a big kobold
  1964 | D:3      | Noticed Oninnaise's ghost (weakling DsGl)
  2492 | D:4      | Reached skill level 1 in Conjurations
  2492 | D:4      | Reached skill level 1 in Hexes
  2492 | D:4      | Reached skill level 1 in Summonings
  2492 | D:4      | Reached skill level 1 in Necromancy
  2492 | D:4      | Reached skill level 1 in Translocations
  2492 | D:4      | Reached skill level 1 in Transmutations
  2492 | D:4      | Reached skill level 1 in Fire Magic
  2492 | D:4      | Reached skill level 1 in Ice Magic
  2492 | D:4      | Reached skill level 1 in Air Magic
  2492 | D:4      | Reached skill level 1 in Earth Magic
  2492 | D:4      | Reached skill level 1 in Poison Magic
  2492 | D:4      | Reached XP level 5. HP: 33/43 MP: 4/12
  2530 | D:4      | Found a staircase to the Ecumenical Temple.
  2536 | Temple   | Entered the Ecumenical Temple
  2648 | Temple   | Became a worshipper of Warmaster Okawaru
  2726 | D:4      | Noticed topfpfpflanze's ghost (amateur GnTm)
  2735 | D:4      | Found a transporter.
  2758 | D:4      | Found a transporter.
  2810 | D:4      | Noticed an ogre
  2823 | D:4      | Killed an ogre
  2995 | D:4      | Noticed Edmund
  3013 | D:4      | Killed Edmund
  3013 | D:4      | Reached * piety under Okawaru
  3013 | D:4      | Reached skill level 5 in Fighting
  3013 | D:4      | Reached skill level 5 in Polearms
  3013 | D:4      | Reached skill level 5 in Dodging
  3013 | D:4      | Reached XP level 6. HP: 51/51 MP: 1/14
  3047 | D:4      | Found an opulent altar of Gozag.
  3048 | D:4      | Found a sparkling altar of Nemelex Xobeh.
  3392 | D:5      | Entered Level 5 of the Dungeon
  3401 | D:5      | Noticed a wraith
  3419 | D:5      | Noticed a phantom
  3489 | D:5      | Reached XP level 7. HP: 45/56 MP: 9/15
  3707 | D:5      | Found a shimmering altar of Xom.
  4276 | D:3      | Killed Oninnaise's ghost
  4403 | D:4      | Reached ** piety under Okawaru
  4403 | D:4      | Reached XP level 8. HP: 58/63 MP: 5/16
  4439 | D:4      | Killed topfpfpflanze's ghost
  5366 | D:5      | Found Buber's Food Emporium.
  5734 | D:6      | Reached XP level 9. HP: 64/69 MP: 13/18
  5737 | D:6      | Noticed Sigmund
  5754 | D:6      | Killed Sigmund
  5754 | D:6      | Reached *** piety under Okawaru
  6125 | D:6      | Reached skill level 5 in Armour
  6421 | D:6      | Found a blossoming altar of Fedhas.
  6507 | D:6      | Reached **** piety under Okawaru
  6790 | D:6      | Reached skill level 5 in Invocations
  6933 | D:7      | Noticed Harold
  6983 | D:7      | Found a basalt altar of Yredelemnul.
  7058 | D:7      | Noticed Prince Ribbit
  7129 | D:7      | Found a burning altar of Makhleb.
  7242 | D:7      | Found a glowing silver altar of Zin.
  7491 | D:7      | Noticed Menkaure
  7556 | D:7      | Killed Menkaure
  7556 | D:7      | Reached XP level 10. HP: 37/77 MP: 7/20
  7752 | D:7      | Killed Prince Ribbit
  7752 | D:7      | Received a gift from Okawaru
  7764 | D:7      | Found a shadowy altar of Dithmenos.
  7900 | D:7      | Killed Harold
  7900 | D:7      | Reached skill level 5 in Short Blades
  7900 | D:7      | Reached skill level 5 in Long Blades
  7900 | D:7      | Reached skill level 5 in Axes
  7900 | D:7      | Reached skill level 5 in Maces & Flails
  7900 | D:7      | Reached skill level 5 in Staves
  7900 | D:7      | Reached skill level 5 in Slings
  7900 | D:7      | Reached skill level 5 in Bows
  7900 | D:7      | Reached skill level 5 in Crossbows
  7900 | D:7      | Reached skill level 5 in Throwing
  7900 | D:7      | Reached skill level 5 in Stealth
  7900 | D:7      | Reached skill level 5 in Shields
  7900 | D:7      | Reached skill level 5 in Unarmed Combat
  7900 | D:7      | Reached skill level 5 in Evocations
  8294 | D:8      | Got a shimmering robe
  8305 | D:8      | Identified the +0 robe "Ofol" {Stlth+} (You found it on
                  | level 8 of the Dungeon)
  8410 | D:8      | Found a transporter.
  8414 | D:8      | Noticed Kohma's ghost (novice DrTm)
  8501 | D:8      | Learned a level 2 spell: Blink
  8505 | D:8      | Learned a level 3 spell: Conjure Flame
  8509 | D:8      | Learned a level 3 spell: Mephitic Cloud
  8611 | D:8      | Found Zesuedwo's Antique Armour Emporium.
  8615 | D:8      | Bought a faintly humming robe for 96 gold pieces
  8625 | D:8      | Identified the cursed +0 robe "Hountybb" {-Cast rPois rCorr
                  | Int+2} (You bought it in a shop on level 8 of the Dungeon)
  8634 | D:8      | Bought a runed ring mail for 119 gold pieces
  8692 | D:8      | Found a transporter.
  8889 | D:8      | Noticed a two-headed ogre
  9283 | D:9      | Found a transporter.
  9283 | D:9      | Found a transporter.
  9283 | D:9      | Noticed a stone giant
  9283 | D:9      | Noticed an orange crystal statue
  9284 | D:9      | Noticed a deep elf mage
  9284 | D:9      | Noticed a great orb of eyes
  9285 | D:9      | Noticed a centaur warrior
  9383 | D:9      | Reached ***** piety under Okawaru
  9541 | D:9      | Received a gift from Okawaru
  9809 | D:9      | Found a hide-covered altar of Uskayaw.
  9928 | D:9      | Found a bloodstained altar of Trog.
  9951 | D:9      | Learned a level 3 spell: Tukima's Dance
 10041 | D:9      | Reached XP level 11. HP: 82/84 MP: 18/22
 10045 | D:9      | Found a snail-covered altar of Cheibriados.
 10124 | D:9      | Killed a deep elf mage
 10124 | D:9      | Received a gift from Okawaru
 10525 | D:8      | Bought a dyed leather armour for 85 gold pieces
 10635 | D:8      | Found a white marble altar of Elyvilon.
 10635 | D:8      | Found a stormy altar of Qazlal.
 10665 | D:10     | Entered Level 10 of the Dungeon
 10799 | D:9      | Reached skill level 5 in Conjurations
 10799 | D:9      | Reached skill level 5 in Hexes
 10799 | D:9      | Reached skill level 5 in Summonings
 10799 | D:9      | Reached skill level 5 in Necromancy
 10799 | D:9      | Reached skill level 5 in Translocations
 10799 | D:9      | Reached skill level 5 in Transmutations
 10799 | D:9      | Reached skill level 5 in Fire Magic
 10799 | D:9      | Reached skill level 5 in Ice Magic
 10799 | D:9      | Reached skill level 5 in Air Magic
 10799 | D:9      | Reached skill level 5 in Earth Magic
 10799 | D:9      | Reached skill level 5 in Poison Magic
 10968 | D:10     | Found a staircase to the Orcish Mines.
 11120 | D:10     | Received a gift from Okawaru
 11223 | D:10     | Noticed Erolcha
 11235 | D:10     | Killed Erolcha
 11261 | D:10     | Learned a level 1 spell: Summon Butterflies
 11478 | D:11     | Noticed a brown ugly thing
 11480 | D:11     | Received a gift from Okawaru
 11487 | D:11     | Killed a brown ugly thing
 11508 | D:11     | Found a staircase to the Lair.
 11526 | D:11     | Reached ****** piety under Okawaru
 11549 | D:11     | Received a gift from Okawaru
 11753 | D:11     | Killed an unseen horror
 11900 | D:11     | Noticed a manticore
 11911 | D:11     | Killed a manticore
 12579 | D:12     | Reached XP level 12. HP: 53/93 MP: 20/24
 12636 | D:12     | Noticed a seven-headed hydra
 12711 | D:12     | Received a gift from Okawaru
 12853 | D:12     | Slain by an unseen horror

Levels and vault maps discovered:
D:1:      dpeg_arrival_fog, layout_loops_ring
D:2:      layout_basic, marbit_many_paths
D:3:      layout_basic, first_ration, gammafunk_ghost_nasty_kobolds,
          hangedman_decor_peaks_small
D:4:      layout_loops_cross, grunt_temple_overflow_opulence, temple_green,
          gammafunk_ghost_stat_death, cheibrodos_sewer_entry_bend, uniq_edmund
D:5:      cheibrodos_quashed, layout_layer_cave, tgw_xom, serial_shops,
          nicolae_shop_crystal
D:6:      layout_loops_corners, serial_glass, glass_columns_a, glass_columns_c,
          feat_on_display, minmay_strange_pillars, minmay_strange_pillars,
          feat_on_display, fedhas_altar_decomposition, uniq_sigmund
D:7:      layout_basic, kennysheep_mini_moat, grunt_dithmenos_smoke_and_mirrors,
          yredelemnul_altar_generic, lemuel_round_altar, uniq_menkaure,
          uniq_prince_ribbit1, uniq_harold
D:8:      layout_loops_ring, nicolae_overflow_hidden_temple, serial_shops,
          nicolae_shop_crystal, gammafunk_ghost_stat_death
D:9:      gammafunk_sealed_arena, layout_rooms, eat_drink_and_be_merry_uskayaw,
          slow_altar_2, trog_ov_bears_minmay
D:10:     layout_cave_pools, orc_0_dummy, uniq_erolcha
D:11:     layout_gridville, due_lair_maze_entry_diamond
D:12:     layout_basic, the_bakery, minmay_misc_feat_five, nrook_pool_corridor
Temple:   pf_slime_end_temple

Skill      XL: |  1  2  3  4  5  6  7  8  9 10 11 12 |
---------------+-------------------------------------+-----
Spellcasting   | 5 6 7 8 |  8.6
Invocations    | 1 2 3 4 5 6 7 |  7.5
Short Blades   | 1 2 3 4 5 6 |  6.8
Long Blades    | 1 2 3 4 5 6 |  6.8
Axes           | 1 2 3 4 5 6 |  6.8
Maces & Flails | 1 2 3 4 5 6 |  6.8
Staves         | 1 2 3 4 5 6 |  6.8
Slings         | 1 2 3 4 5 6 |  6.8
Bows           | 1 2 3 4 5 6 |  6.8
Crossbows      | 1 2 3 4 5 6 |  6.8
Throwing       | 1 2 3 4 5 6 |  6.8
Stealth        | 1 2 3 4 5 6 |  6.8
Shields        | 1 2 3 4 5 6 |  6.8
Unarmed Combat | 1 2 3 4 5 6 |  6.8
Evocations     | 1 2 3 4 5 6 |  6.8
Conjurations   | 1 2 3 4 5 |  5.6
Hexes          | 1 2 3 4 5 |  5.6
Summonings     | 1 2 3 4 5 |  5.6
Necromancy     | 1 2 3 4 5 |  5.6
Translocations | 1 2 3 4 5 |  5.6
Transmutations | 1 2 3 4 5 |  5.6
Fire Magic     | 1 2 3 4 5 |  5.6
Ice Magic      | 1 2 3 4 5 |  5.6
Air Magic      | 1 2 3 4 5 |  5.6
Earth Magic    | 1 2 3 4 5 |  5.6
Poison Magic   | 1 2 3 4 5 |  5.6
Armour         | 3 4 5 6 7 |  7.4
Fighting       | 5 6 7 8 |  8.3
Polearms       | 5 6 7 8 |  8.3
Dodging        | 5 6 7 8 |  8.3
Charms         | 6 7 8 |  8.0

Action                   |  1- 3 |  4- 6 |  7- 9 | 10-12 || total
-------------------------+-------+-------+-------+-------++-------
Melee: Spear             |   137 |    78 |   597 |   298 ||  1110
       Bite              |    13 |     8 |    85 |    64 ||   170
       Punch             |       |     1 |    15 |    16 ||    32
       Trident           |       |       |       |   351 ||   351
Throw: Stone             |       |       |     1 |       ||     1
       Dart              |       |       |       |     1 ||     1
 Cast: Infusion          |     4 |     7 |    13 |     4 ||    28
       Song of Slaying   |     1 |     2 |     4 |    10 ||    17
       Regeneration      |     1 |       |    13 |    34 ||    48
       Shroud of Golubri |       |     3 |    26 |    52 ||    81
       Spectral Weapon   |       |     4 |    28 |    50 ||    82
       Conjure Flame     |       |       |       |     6 ||     6
       Mephitic Cloud    |       |       |       |    10 ||    10
       Tukima's Dance    |       |       |       |     1 ||     1
       Blink             |       |       |       |     4 ||     4
Evoke: Wand              |       |       |       |     2 ||     2
  Use: Scroll            |       |     8 |     3 |     9 ||    20
       Potion            |       |       |     3 |     4 ||     7
 Stab: Sleeping          |     2 |     1 |     2 |    14 ||    19
       Distracted        |       |       |     4 |     5 ||     9
       Confused          |       |       |       |     4 ||     4
  Eat: Chunk             |     3 |     5 |    11 |    18 ||    37
       Ration            |       |       |     1 |     1 ||     2
Armor: Leather armour    |    24 |     5 |       |       ||    29
       Robe              |       |     7 |    63 |   119 ||   189
       Skin              |       |       |       |     2 ||     2
Dodge: Dodged            |    65 |    49 |   245 |   450 ||   809

Table legend:
 A = Non-vault XP
 B = Vault XP
 C = Vault XP percentage of total XP
 D = Non-vault monster count
 E = Vault monster count
 F = Vault count percentage of total count
                 A         B        C        D         E       F
            +---------+---------+-------+---------+---------+-------
      Total |   14794 |    5205 |  26.0 |     256 |      41 |  13.8
            +---------+---------+-------+---------+---------+-------
        D:1 |      26 |       0 |   0.0 |      17 |       0 |   0.0
        D:2 |      51 |       1 |   1.9 |      14 |       1 |   6.7
        D:3 |      49 |     170 |  77.6 |      10 |      10 |  50.0
        D:4 |     193 |     532 |  73.4 |       4 |       5 |  55.6
        D:5 |    1333 |     136 |   9.3 |      32 |       3 |   8.6
        D:6 |    1304 |     773 |  37.2 |      24 |       7 |  22.6
        D:7 |     696 |    1430 |  67.3 |      25 |       3 |  10.7
        D:8 |     866 |       0 |   0.0 |      15 |       0 |   0.0
        D:9 |    3236 |     262 |   7.5 |      46 |       3 |   6.1
       D:10 |    1336 |    1027 |  43.5 |      24 |       1 |   4.0
       D:11 |    3724 |     874 |  19.0 |      31 |       8 |  20.5
       D:12 |    1980 |       0 |   0.0 |      14 |       0 |   0.0
            +---------+---------+-------+---------+---------+-------
